 Dungeon Crawl Stone Soup version 0.23.2-1-ga50397a6bc (webtiles) character file.

Game seed: 1478102747333008439

714 Norn the Ducker (level 7, 0/47 HPs)
             Began as an Octopode Wizard on May 4, 2019.
             Slain by a bullfrog skeleton (1 damage)
             ... on level 5 of the Dungeon.
             The game lasted 00:13:39 (6017 turns).

Norn the Ducker (Octopode Wizard)                   Turns: 6017, Time: 00:13:39

Health: 0/47       AC:  1    Str:  6    XL:     7   Next: 69%
Magic:  4/11       EV: 14    Int: 23    God:
Gold:   226        SH:  0    Dex: 10    Spells: 9/12 levels left

rFire    . . .     SeeInvis .   c - +0 dagger
rCold    . . .     Gourm    .   (no shield)
rNeg     . . .     Faith    .   a - +0 hat
rPois    .         Spirit   .   (no amulet)
rElec    .         Reflect  .   (no ring)
rCorr    .         Harm     .   (no ring)
MR       .....                  (no ring)
Stlth    +++.......             (no ring)
HPRegen  0.15/turn              (no ring)
MPRegen  0.12/turn              (no ring)
                                (no ring)
                                (no ring)

@: berserk cooldown, slowed, very slow
A: almost no armour, stealthy swim, amphibious, 8 rings, constrict 8, camouflage
1, gelatinous body 1
a: no special abilities


You were on level 5 of the Dungeon.
You were hungry.

You visited 1 branch of the dungeon, and saw 5 of its levels.

You collected 226 gold pieces.

Inventory:

Hand Weapons
 c - a +0 dagger (weapon)
   (You took it off a goblin on level 1 of the Dungeon)
Armour
 a - a +0 hat (worn)
Jewellery
 i - an uncursed amulet of guardian spirit {unknown}
   (You found it on level 1 of the Dungeon)
 m - a cursed ring of attention {unknown}
   (You found it on level 2 of the Dungeon)
Scrolls
 f - a scroll of enchant armour {unknown}
 g - 5 scrolls of identify {unknown}
 k - 2 scrolls of immolation {!r}
 l - 2 scrolls of magic mapping
 n - 2 scrolls of noise {unknown}
 r - a scroll of enchant weapon {unknown}
 t - a scroll of remove curse {unknown}
Potions
 d - a potion of berserk rage
 h - a potion of haste {unknown}
 j - a potion of flight {unknown}
 o - a potion of resistance {unknown}
 q - a potion of agility {unknown}
 s - a potion of might {unknown}
Comestibles
 e - 7 rations {!d}


   Skills:
 + Level 3.8 Fighting
 + Level 4.4 Dodging
 - Level 2.6 Stealth
 - Level 3.0 Spellcasting
 - Level 4.0 Conjurations
 * Level 4.1 Summonings
   Level 1.0 Translocations


You had 9 spell levels left.
You knew the following spells:

 Your Spells              Type           Power        Failure   Level  Hunger
a - Magic Dart            Conj           ###.         2%          1    None
x - Call Imp              Summ           ###.....     3%          2    ##.....

Your spell library contained the following spells:

 Spells                   Type           Power        Failure   Level  Hunger
 Blink                    Tloc           N/A          12%         2    ##.....
 Conjure Flame            Conj/Fire      ##......     16%         3    ###....
 Stone Arrow              Conj/Erth      ##....       16%         3    ###....
 Corpse Rot               Necr           N/A          17%         2    ##.....
 Slow                     Hex            #.......     17%         2    ##.....
 Mephitic Cloud           Conj/Pois/Air  #.......     21%         3    ###....
 Summon Forest            Summ/Tloc      ###.......   73%         5    ######.
 Leda's Liquefaction      Hex/Erth       #.........   75%         4    ####...
 Hydra Form               Tmut           #.........   100%        6    #######
 Summon Hydra             Summ           ###.......   100%        7    #######


Dungeon Overview and Level Annotations

Branches:
Dungeon (5/15)
 Temple: D:4-7

Altars:
Trog

Annotations:
D:2 1 runed translucent door, Crazy Yiuf


Innate Abilities, Weirdness & Mutations

You cannot wear most types of armour.
You are very stealthy in the water. (Stealth+)
You are amphibious.
You can wear up to eight rings at the same time.
You can use your tentacles to constrict eight enemies at once.
Your skin changes colour to match your surroundings (Stealth+).
Your rubbery body absorbs attacks. (AC +1, EV +1)


Message History

Aim: a centaur (moderately wounded)
The magic dart hits the centaur but does no damage.
The centaur closely misses you.
Aim: a centaur (moderately wounded)
The magic dart hits the centaur.
The centaur hits you!
* * * LOW HITPOINT WARNING * * *
The centaur barely misses you.
You aren't carrying any items that you can evoke.
Unknown command.
Aim: a centaur (moderately wounded)
The magic dart hits the centaur but does no damage.
The centaur hits you!
* * * LOW HITPOINT WARNING * * *
It was a potion of berserk rage.
A red film seems to cover your vision as you go berserk!
You feel yourself moving faster!
You feel mighty! The centaur barely misses you. The centaur hits you!
* * * LOW HITPOINT WARNING * * *
You hit the centaur. You squeeze the centaur!
You kill the centaur!
Your Summonings skill increases to level 4!
The phantom blinks!
Your crimson imp disappears in a puff of smoke!
You see here an arrow.
You are too berserk!
You feel a strong urge to attack something.
You see here an arrow.
You feel your anger nearly subside.
You are no longer berserk.
You are exhausted.
You feel yourself slow down.
There is a stone staircase leading up here.
Okay, then.
The phantom misses you. The bullfrog skeleton misses you.
You climb upwards.
There is a stone staircase leading down here.
It was a potion of curing.
You feel better. The phantom barely misses you. The phantom hits you.
* * * LOW HITPOINT WARNING * * *
As you read the scroll labeled DUINED GAIGG, it crumbles to dust.
You feel aware of your surroundings.
You sensed 1 altar.
It was a scroll of magic mapping.
The phantom hits you.
* * * LOW HITPOINT WARNING * * *
The phantom hits you.
* * * LOW HITPOINT WARNING * * *
The phantom blinks!
You are feeling hungry.
There is a stone staircase leading down here.
The phantom blinks!
You climb downwards.
The bullfrog skeleton hits you.
You die...

!..?...........
...............
..........$....
...............
$..............
............#
####.....%#
#Z......###
#@......+
#.###.......#
#..>.....(((#
############(#
ยง# Z# .. ..
.#.


You could see a bullfrog skeleton.

Vanquished Creatures
  Eustachio (D:4)
  A centaur (D:5)
  A bullfrog skeleton (D:4)
  Natasha (D:4)
  A worker ant (D:4)
  5 adders
  2 oozes
  4 worms
  2 dart slugs (D:2)
  2 leopard geckos
  4 orcs (D:3)
  A ball python (D:1)
  6 giant cockroaches
  9 goblins
  10 hobgoblins
  6 jackals
  12 kobolds
  2 quokkas
  7 bats
  5 frilled lizards
  A jackal skeleton (D:4)
  10 rats
93 creatures vanquished.

Vanquished Creatures (collateral kills)
  Sigmund (D:4)
  Edmund (D:4)
  The ghost of gnacko the Bolt Thrower, an amateur HaHu (D:3)
  2 iguanas
  Natasha (twice) (D:3)
  2 goblins (D:3)
9 creatures vanquished.

Grand Total: 102 creatures vanquished

Notes
Turn   | Place    | Note
-------+----------+-------------------------------------------
     0 | D:1      | Norn the Octopode Wizard began the quest for the Orb.
     0 | D:1      | Reached XP level 1. HP: 11/11 MP: 4/4
   187 | D:1      | Reached XP level 2. HP: 4/18 MP: 0/6
   689 | D:1      | Reached skill level 1 in Fighting
   956 | D:1      | Reached XP level 3. HP: 23/23 MP: 3/7
  1716 | D:1      | Reached XP level 4. HP: 23/28 MP: 0/8
  1785 | D:1      | Learned a level 2 spell: Call Imp
  2766 | D:2      | Found a runed translucent door.
  2767 | D:2      | Noticed Crazy Yiuf
  2861 | D:3      | Reached XP level 5. HP: 34/34 MP: 6/9
  3888 | D:3      | Found a runed translucent door.
  3893 | D:3      | Noticed gnacko's ghost (amateur HaHu)
  3917 | D:3      | Killed gnacko's ghost
  4171 | D:4      | Noticed Natasha
  4178 | D:4      | Killed Natasha
  4178 | D:4      | Reached XP level 6. HP: 24/41 MP: 0/10
  4651 | D:4      | Noticed Natasha
  4701 | D:4      | Noticed Edmund
  4713 | D:4      | Killed Edmund
  4942 | D:4      | Noticed Eustachio
  5015 | D:3      | Killed Natasha
  5515 | D:3      | Noticed Natasha
  5519 | D:3      | Killed Natasha
  5605 | D:4      | Killed Eustachio
  5605 | D:4      | Reached XP level 7. HP: 46/46 MP: 7/11
  5629 | D:4      | Noticed Sigmund
  5693 | D:4      | Killed Sigmund
  5820 | D:4      | Found a bloodstained altar of Trog.
  5924 | D:5      | Entered Level 5 of the Dungeon
  6014 | D:4      | HP: 1/47 [phantom (6)]
  6017 | D:5      | Slain by a bullfrog skeleton

Skill      XL: |  1  2  3  4  5  6  7 |
---------------+----------------------+-----
Fighting       | 1 2 3 |  3.8
Conjurations   | 2 3 4 |  4.0
Dodging        | 3 4 |  4.4
Summonings     | 3 4 |  4.1
Stealth        | |  2.6
Spellcasting   | |  3.0
Translocations | |  1.0

Action                   |  1- 3 |  4- 6 |  7- 9 || total
-------------------------+-------+-------+-------++-------
Melee: Unarmed           |    24 |       |       ||    24
       Constrict         |    10 |    15 |     1 ||    26
       Tentacles         |     8 |    10 |     1 ||    19
       Dagger            |     6 |    83 |     7 ||    96
 Cast: Magic Dart        |    79 |   132 |    15 ||   226
       Call Imp          |       |    25 |    10 ||    35
  Use: Potion            |       |       |     2 ||     2
       Scroll            |       |       |     1 ||     1
  Eat: Chunk             |     1 |    12 |       ||    13
       Ration            |       |     1 |       ||     1
Armor: Skin              |     4 |     6 |       ||    10
Dodge: Dodged            |    58 |    88 |    21 ||   167
